 Dungeon Crawl Stone Soup version 0.23.0-42-geed6394 (webtiles) character file.

Game seed: 3683042377587934380

2258 Hasart the Destroyer (level 9, -6/45 HPs)
             Began as a Deep Elf Earth Elementalist on Mar 1, 2019.
             Was an Initiate of Vehumet.
             Mangled by Harold
             ... wielding a +0 glaive
              (19 damage)
             ... on level 7 of the Dungeon.
             The game lasted 00:13:33 (5774 turns).

Hasart the Destroyer (Deep Elf Earth Elementalist)  Turns: 5774, Time: 00:13:33

Health: -6/45      AC:  7    Str:  5    XL:     9   Next: 15%
Magic:  22/22      EV: 15    Int: 24    God:    Vehumet [......]
Gold:   260        SH:  0    Dex: 15    Spells: 14/23 levels left

rFire    + + .     SeeInvis .   y - +1 hand axe (elec)
rCold    . . .     Gourm    .   (no shield)
rNeg     + . .     Faith    .   g - +1 leather armour {rF+}
rPois    .         Spirit   .   M - +2 hat
rElec    .         Reflect  .   (no cloak)
rCorr    .         Harm     .   z - +0 pair of gloves
MR       .....                  (no boots)
Stlth    ++........             v - amulet of magic regeneration
HPRegen  0.15/turn              l - ring of protection from fire
MPRegen  0.43/turn              t - ring of positive energy

@: about to teleport
A: no striking features
a: Renounce Religion


You were on level 7 of the Dungeon.
You worshipped Vehumet.
Vehumet was noncommittal.
You were not hungry.

You visited 2 branches of the dungeon, and saw 8 of its levels.

You collected 344 gold pieces.
You spent 84 gold pieces at shops.

Inventory:

Hand Weapons
 y - a +1 hand axe of electrocution (weapon)
Missiles
 b - 110 stones (quivered)
Armour
 g - a +1 leather armour of fire resistance (worn)
 z - a +0 pair of gloves (worn)
 D - a +0 shield
 M - a +2 hat (worn)
Jewellery
 l - a ring of protection from fire (left hand)
 t - a ring of positive energy (right hand)
 v - an amulet of magic regeneration (around neck)
 G - an uncursed ring of protection from fire
Wands
 u - a wand of acid (7)
 B - a wand of digging (7)
 E - a wand of paralysis (4)
 F - a wand of random effects (9)
 I - a wand of disintegration (11)
Scrolls
 a - a scroll of remove curse {unknown}
 c - 3 scrolls of teleportation
 h - 2 scrolls of enchant weapon {unknown}
 i - 7 scrolls of identify {unknown}
 k - 2 scrolls of fear {unknown}
 n - a scroll of immolation {unknown}
 p - 3 scrolls of enchant armour {unknown}
 w - a scroll of noise {unknown}
 x - a scroll of blinking {unknown}
 C - 3 scrolls of amnesia {unknown}
 N - a scroll of magic mapping
Potions
 e - a potion of cancellation {unknown}
 f - 6 potions of curing {unknown}
 j - a potion of degeneration {unknown}
 m - a potion of brilliance {unknown}
 o - a potion of magic {unknown}
 q - a potion of invisibility {unknown}
 r - 2 potions of agility {unknown}
 s - 3 potions of haste {unknown}
 A - a potion of flight {unknown}
 H - a potion of berserk rage {unknown}
 J - 2 potions of might {unknown}
 K - 2 potions of lignification {unknown}
Comestibles
 d - 18 rations


   Skills:
 - Level 6.6 Dodging
 - Level 2.4 Stealth
 + Level 7.8 Spellcasting
 * Level 8.0 Conjurations
   Level 1.1 Transmutations
 + Level 7.3 Earth Magic


You had 14 spell levels left.
You knew the following spells:

 Your Spells              Type           Power        Failure   Level  Hunger
a - Sandblast             Erth           #####.       1%          1    None
b - Stone Arrow           Conj/Erth      #####.       1%          3    None
c - Lee's Rapid Deconstr  Erth           #####.....   16%         5    #####..

Your spell library contained the following spells:

 Spells                   Type           Power        Failure   Level  Hunger
 Passwall                 Tmut/Erth      ####....     3%          2    None
 Petrify                  Tmut/Erth      ####....     19%         4    ###....


Dungeon Overview and Level Annotations

Branches:
Dungeon (7/15)             Temple (1/1) D:7

Altars:
Dithmenos
Fedhas
Hepliaklqana
Kikubaaqudgha
Nemelex Xobeh
Qazlal
Vehumet
Wu Jian
Xom
The Shining One

Shops:
D:6 ?

Annotations:
D:5 1 runed translucent door, Crazy Yiuf
D:7 Harold


Message History

Casting: Sandblast (safe; 1% risk of failure)
Confirm with . or Enter, or press ? or * to list all spells.
You can't see any susceptible monsters within range! (Use Z to cast anyway.)
You see here a sky beast corpse.
Harold shouts!
Harold is nearby!
Found a ring mail.
Harold casts a spell at you. The harpoon shot hits you!
You are yanked forward by the harpoon shot.
A hound comes into view.
Found a stone staircase leading down.
Unknown command.
As you read the scroll of teleportation, it crumbles to dust.
You feel strangely unstable. Harold hits you with a +0 glaive!
* * * LOW HITPOINT WARNING * * *
The hound barks!
Unknown command.
Harold hits you from afar with a +0 glaive!!
You die...

#)#.. # #..# #. ##...# #.#.# #.
#..# #. ...... #.#.#. #.###..#
#. ...... #s#'#. ......#####
#.###...... #Y.@.. ##........#
.........# ##..... #.......>.#
#.....[.# ##......
#..#...#..#####......>###(..<...
+..........†...@.@...h..+.......
#..#...#..#####!......###.......
#.........# #.......# ##.(....
#.##.###.## #.......# ##.....
#.##.###.# ##.###### ##...#
#........# #.# ##+##
####.######## #.# #.##.....# #.#
#.##PP.P.#


You could see Harold and a hound.

Vanquished Creatures
  A two-headed ogre (D:6)
  Joseph (D:7)
  3 sky beasts
  A black bear (D:6)
  An ogre (D:4)
  A big kobold (D:5)
  2 bullfrogs
  A scorpion (D:4)
  2 crimson imps
  A centaur skeleton (D:4)
  A hound (D:6)
  Ijyb (D:5)
  2 iguanas
  Natasha (twice) (D:2)
  An orc wizard (D:6)
  5 worker ants
  5 adders
  2 shadow imps
  An ooze (D:3)
  An adder zombie (D:6)
  4 worms
  4 dart slugs
  4 leopard geckos
  18 orcs
  8 bats
  6 giant cockroaches
  9 goblins
  9 hobgoblins
  7 jackals
  14 kobolds
  3 ball pythons
  5 frilled lizards
  A leopard gecko skeleton (D:3)
  8 rats
135 creatures vanquished.

Notes
Turn   | Place    | Note
-------+----------+-------------------------------------------
     0 | D:1      | Hasart the Deep Elf Earth Elementalist began the quest for
                  | the Orb.
     0 | D:1      | Reached XP level 1. HP: 10/10 MP: 6/6
   133 | D:1      | Reached XP level 2. HP: 15/15 MP: 6/8
   681 | D:2      | Reached XP level 3. HP: 19/19 MP: 8/10
  1083 | D:2      | Reached XP level 4. HP: 24/24 MP: 8/11
  1089 | D:2      | Learned a level 3 spell: Stone Arrow
  1090 | D:2      | You fall through a shaft for 2 floors!
  1141 | D:3      | Found a faded altar of an unknown god.
  1408 | D:3      | Reached skill level 1 in Conjurations
  2040 | D:2      | Noticed Natasha
  2043 | D:2      | Killed Natasha
  2043 | D:2      | Reached XP level 5. HP: 28/28 MP: 9/13
  2175 | D:2      | Noticed Natasha
  2184 | D:2      | Killed Natasha
  2184 | D:2      | Reached skill level 2 in Conjurations
  2880 | D:4      | Found an ornate altar of the Wu Jian Council.
  3210 | D:4      | Learned a level 5 spell: Lee's Rapid Deconstruction
  3223 | D:4      | Reached skill level 5 in Earth Magic
  3365 | D:4      | Noticed an ogre
  3370 | D:4      | Killed an ogre
  3370 | D:4      | Reached skill level 3 in Conjurations
  3370 | D:4      | Reached XP level 6. HP: 32/32 MP: 9/15
  3469 | D:4      | Reached skill level 5 in Spellcasting
  3849 | D:5      | Entered Level 5 of the Dungeon
  3891 | D:5      | Noticed a sky beast
  3898 | D:5      | Killed a sky beast
  3898 | D:5      | Reached skill level 4 in Conjurations
  3902 | D:5      | Reached XP level 7. HP: 16/36 MP: 14/16
  4096 | D:5      | Found a sparkling altar of Nemelex Xobeh.
  4136 | D:5      | Noticed Ijyb
  4140 | D:5      | Paralysed by Ijyb for 2 turns
  4148 | D:5      | Killed Ijyb
  4173 | D:5      | Found a shadowy altar of Dithmenos.
  4313 | D:5      | Found a runed translucent door.
  4314 | D:5      | Noticed Crazy Yiuf
  4549 | D:6      | Reached skill level 5 in Dodging
  4706 | D:6      | Reached skill level 5 in Conjurations
  4747 | D:6      | Found a hazy altar of Hepliaklqana.
  4755 | D:6      | Found an ancient bone altar of Kikubaaqudgha.
  4881 | D:6      | Found a shimmering altar of Xom.
  4967 | D:6      | Found Tutir's Magic Scroll Shop.
  4988 | D:6      | Bought a scroll of teleportation for 39 gold pieces
  4988 | D:6      | Bought a scroll of magic mapping for 45 gold pieces
  4998 | D:6      | Found a stormy altar of Qazlal.
  5169 | D:6      | Reached XP level 8. HP: 35/41 MP: 13/19
  5257 | D:6      | Noticed a two-headed ogre
  5266 | D:6      | Killed a two-headed ogre
  5266 | D:6      | Reached skill level 7 in Conjurations
  5494 | D:7      | Noticed Joseph
  5502 | D:7      | Killed Joseph
  5502 | D:7      | Reached XP level 9. HP: 35/45 MP: 6/22
  5504 | D:7      | Noticed Harold
  5673 | D:7      | Found a staircase to the Ecumenical Temple.
  5683 | Temple   | Entered the Ecumenical Temple
  5704 | Temple   | Became a worshipper of Vehumet
  5768 | D:7      | Reached skill level 8 in Conjurations
  5774 | D:7      | Mangled by Harold

Skill      XL: |  1  2  3  4  5  6  7  8  9 |
---------------+----------------------------+-----
Dodging        | 3 4 5 6 |  6.6
Earth Magic    | 4 5 6 7 |  7.3
Conjurations   | 1 3 4 5 7 8 |  8.0
Spellcasting   | 4 5 6 7 |  7.8
Stealth        | |  2.4
Transmutations | |  1.1

Action                   |  1- 3 |  4- 6 |  7- 9 || total
-------------------------+-------+-------+-------++-------
Melee: Hand axe          |       |    34 |    14 ||    48
 Fire: Hunting sling     |       |     3 |       ||     3
 Cast: Sandblast         |    51 |    78 |    70 ||   199
       Stone Arrow       |       |     1 |     9 ||    10
  Use: Scroll            |       |       |     1 ||     1
 Stab: Sleeping          |       |     3 |       ||     3
  Eat: Chunk             |       |     9 |     6 ||    15
Armor: Leather armour    |       |    13 |    22 ||    35
       Robe              |       |     1 |       ||     1
Dodge: Dodged            |    14 |    32 |    54 ||   100
